 Dungeon Crawl Stone Soup version 0.21.1-1-g345015f (webtiles) character file.

1 tidbits the Insei (level 1, 14/17 HPs)
             Began as a Gnoll Transmuter on Mar 20, 2018.
             Was a Follower of Vehumet.
             Quit the game on level 2 of the Dungeon.
             The game lasted 00:00:30 (51 turns).

tidbits the Insei (Gnoll Transmuter)                  Turns: 51, Time: 00:00:30

Health: 14/17      AC:  2    Str: 12    XL:     1   Next: 20%
Magic:  6/6        EV: 14    Int: 15    God:    Vehumet [*.....]
Gold:   11         SH:  0    Dex: 15    Spells: 8/9 levels left

rFire    . . .     SeeInvis .     - Unarmed
rCold    . . .     Gourm    .   (no shield)
rNeg     . . .     Faith    .   b - +0 robe
rPois    .         Spirit   .   (no helmet)
rElec    .         Reflect  .   (no cloak)
rCorr    .         Harm     .   (no gloves)
MR       .....                  (no boots)
Stlth    +.........             (no amulet)
HPRegen  0.05/turn              (no ring)
MPRegen  0.10/turn              (no ring)

@: very slow
A: distributed training, fangs 1, strong nose
a: Renounce Religion


You were on level 2 of the Dungeon.
You worshipped Vehumet.
Vehumet was aware of your devotion.
You were not hungry.

You visited 1 branch of the dungeon, and saw 2 of its levels.

You collected 11 gold pieces.

Inventory:

Missiles
 a - 12 arrows
Armour
 b - a +0 robe (worn)
Scrolls
 e - a scroll of identify {unknown}
 f - a scroll of remove curse {unknown}
Books
 c - a book of Changes

   Spells                             Type                      Level
   a - Beastly Appendage              Transmutation                1
   b - Sticks to Snakes               Transmutation                2
   c - Spider Form                    Transmutation/Poison         3
   d - Ice Form                       Ice/Transmutation            4
   e - Blade Hands                    Transmutation                5
Comestibles
 d - a ration


   Skills:
 + Level 2.3 Fighting
 + Level 0.0 Short Blades
 + Level 0.0 Long Blades
 + Level 0.0 Axes
 + Level 0.0 Maces & Flails
 + Level 0.0 Polearms
 + Level 0.0 Staves
 + Level 0.0 Slings
 + Level 0.0 Bows
 + Level 0.0 Crossbows
 + Level 0.0 Throwing
 + Level 0.0 Armour
 + Level 4.4 Dodging
 + Level 0.0 Stealth
 + Level 0.0 Shields
 + Level 6.4 Unarmed Combat
 + Level 4.8 Spellcasting
 + Level 0.0 Conjurations
 + Level 0.0 Hexes
 + Level 0.0 Charms
 + Level 0.0 Summonings
 + Level 0.0 Necromancy
 + Level 0.0 Translocations
 + Level 3.6 Transmutations
 + Level 0.0 Fire Magic
 + Level 0.0 Ice Magic
 + Level 0.0 Air Magic
 + Level 0.0 Earth Magic
 + Level 0.0 Poison Magic
 + Level 0.0 Invocations
 + Level 0.0 Evocations


You had 8 spell levels left.
You knew the following spells:

 Your Spells              Type           Power        Failure   Level  Hunger
e - Beastly Appendage     Tmut           ##....       3%          1    None


Dungeon Overview and Level Annotations

Branches:
Dungeon (1/15)

Altars:
Vehumet


Innate Abilities, Weirdness & Mutations

Your experience applies equally to all skills.
You have very sharp teeth.
Your uncanny sense of smell can sniff out nearby items.


Message History

Welcome, tidbits the Gnoll Transmuter.
The bosom of this dungeon contains the fabled artefact, the Orb of Zot.
Press ? for a list of commands and other information.
Found 11 gold pieces.
Found a staircase leading out of the dungeon.
You see here 11 gold pieces.
You now have 11 gold pieces.
Found a scroll labeled QUCOBU RYXKUHO.
Found 10 sling bullets.
You see here a scroll labeled QUCOBU RYXKUHO.
e - a scroll labeled QUCOBU RYXKUHO A hobgoblin comes into view.
Casting: Beastly Appendage
Confirm with . or Enter, or press ? or * to list all spells.
Your feet morph into talons.
The hobgoblin shouts!
The hobgoblin closely misses you.
You hit the hobgoblin but do no damage. You closely miss the hobgoblin.
Your kick misses the hobgoblin. You bite the hobgoblin.
The hobgoblin is lightly wounded.
The hobgoblin hits you.
You closely miss the hobgoblin. You claw the hobgoblin.
The hobgoblin is moderately wounded.
The hobgoblin hits you.
You punch the hobgoblin!
You kill the hobgoblin!
There is a shaft here.
You fall through a shaft!
The shaft crumbles and collapses.
Found a hunting sling and a scroll labeled KUABAX ZOET.
Found a faded altar of an unknown god.
You enter the shallow water.
Moving in this stuff is going to be slow.
Your transformation is almost over.
You see here a scroll labeled KUABAX ZOET.
f - a scroll labeled KUABAX ZOET You enter the shallow water.
Moving in this stuff is going to be slow.
You enter the shallow water.
Moving in this stuff is going to be slow.
Your talons disappear.
You enter the shallow water.
Moving in this stuff is going to be slow.
You enter the shallow water.
Moving in this stuff is going to be slow.
You see here a hunting sling.
There is a faded altar of an unknown god here.
You cannot tell which god this altar belongs to.
Convert to them anyway?
Okay, then.
You cannot tell which god this altar belongs to.
Convert to them anyway?
Vehumet accepts your prayer! Vehumet welcomes you!
You can now gain magical power from killing.
Vehumet offers you knowledge of Sandblast.
Unknown command.
Press < or > to pray at altars.
You enter the shallow water.
Moving in this stuff is going to be slow.
Okay, then.
Unknown command.
Are you sure you want to abandon this character and quit the game? (Confirm with "yes".)

.#
#########.#####
#≈.≈.≈≈.......#
#..≈.≈.≈.≈.≈≈.#
#..≈≈≈≈≈≈≈≈≈≈.#
#..≈≈≈≈≈≈≈≈≈≈≈##
#≈.≈≈≈≈≈≈≈≈≈....
#≈.≈≈≈@♣.≈≈≈≈≈#
#.≈≈≈≈≈_♣≈≈≈≈.#
#.≈≈≈≈≈)♣≈≈≈..#
#.≈≈≈≈≈≈≈≈≈≈≈.#
#≈.≈≈≈≈≈≈≈≈≈.≈#
#..≈≈≈≈≈≈≈≈≈≈.#
#..≈..≈≈.≈.≈..#
#.....≈.......#
###########.###


There were no monsters in sight!

Vanquished Creatures
  A hobgoblin (D:1)
1 creature vanquished.

Notes
Turn   | Place    | Note
-------+----------+-------------------------------------------
     0 | D:1      | tidbits the Gnoll Transmuter began the quest for the Orb.
     0 | D:1      | Reached XP level 1. HP: 17/17 MP: 6/6
    29 | D:1      | You fall through a shaft!
    29 | D:2      | Found a faded altar of an unknown god.
    49 | D:2      | Became a worshipper of Vehumet
    49 | D:2      | Reached * piety under Vehumet
    49 | D:2      | Offered knowledge of Sandblast by Vehumet.
    51 | D:2      | Quit the game

Action                   || total
-------------------------++-------
Melee: Unarmed           ||     4
       Kick              ||     1
       Bite              ||     1
 Cast: Beastly Appendage ||     1
Dodge: Dodged            ||     1

Table legend:
 A = Turns spent in this place as a percentage of turns spent in the entire game.
 B = Non-inter-level travel turns spent in this place as a percentage of non-inter-level travel turns spent in the entire game.
 C = Inter-level travel turns spent in this place as a percentage of turns spent in this place.
 D = Turns resting spent in this place as a percentage of non-inter-level travel turns spent in this place.
 E = Turns spent auto-exploring this place as a percentage of non-inter-level travel turns spent in this place.
 F = Non-inter-level travel turns spent in this place divided by the number of levels of this place that you've seen.
                   A       B       C       D       E      F
               +-------+-------+-------+-------+-------+----------------------
         Total | 100.0 | 100.0 |   0.0 |   0.0 |   0.0 |  25.5
       Dungeon | 100.0 | 100.0 |   0.0 |   0.0 |   0.0 |  25.5
               +-------+-------+-------+-------+-------+----------------------

Table legend:
 A = Kills in this place as a percentage of kills in entire the game.
 B = Kills by you in this place as a percentage of kills by you in the entire game.
 C = Kills by friends in this place as a percentage of kills by friends in the entire game.
 D = Other kills in this place as a percentage of other kills in the entire game.
 E = Experience gained in this place as a percentage of experience gained in the entire game.
 F = Experience gained in this place divided by the number of levels of this place that you have seen.
                   A       B       C       D       E      F
               +-------+-------+-------+-------+-------+----------------------
         Total | 100.0 | 100.0 |   N/A |   N/A | 100.0 |   1.0
       Dungeon | 100.0 | 100.0 |   N/A |   N/A | 100.0 |   1.0
               +-------+-------+-------+-------+-------+----------------------

Vault maps used:
D:1:      minmay_arrival_hallway
D:2:      chequers_ecumenical_altar_island
